 Dungeon Sprint DCSS version 0.26-a0-1164-g1a551d6a14 (webtiles) character file.

Game seed: 1318199879618931033

1475 reriks the Fighter (level 8, -5/157 HPs)
             Began as an Ogre Berserker on Dec 24, 2020.
             Was an Elder of Trog.
             Slain by a demonic crawler (6 damage)
             ... in the Dungeon (Sprint I: "Red Sonja").
             The game lasted 00:01:42 (1290 turns).

reriks the Fighter (Ogre Berserker)                 Turns: 1290, Time: 00:01:43

Health: -5/157     AC:  3    Str: 24    XL:     8   Next: 78%
Magic:  8/8        EV: 14    Int:  8    God:    Trog [****..]
Gold:   430        SH:  0    Dex:  8    Spells: 7/7 levels left

rFire    . . .     SeeInvis .   i - +0 giant spiked club
rCold    . . .     Faith    .   (shield currently unavailable)
rNeg     . . .     Spirit   .   b - +0 animal skin
rPois    .         Reflect  .   (helmet restricted)
rElec    .         Harm     .   (no cloak)
rCorr    .         Rampage  .   (gloves unavailable)
Will     ++...     NoTele   +   (boots unavailable)
Stlth    ..........             (no amulet)
HPRegen  1.36/turn              (no ring)
MPRegen  0.11/turn              (no ring)

@: berserking (expiring), regenerating (expiring), very quick
A: large, unfitting armour, tough skin 1
a: Renounce Religion, Berserk, Trog's Hand, Brothers in Arms


You were in the Dungeon.
You worshipped Trog.
Trog was greatly pleased with you.
You visited 1 branch You collected 430 gold pieces.

Inventory:

Hand Weapons
 a - a +0 mace
 i - a +0 giant spiked club (weapon)
Armour
 b - a +0 animal skin (worn)
Scrolls
 h - a scroll of blinking
Potions
 c - a potion of curing
 d - a potion of heal wounds
 e - a potion of haste
 f - 2 potions of magic
 g - a potion of berserk rage
 j - a potion of might {unknown}


   Skills:
 + Level 14.2 Fighting
 + Level 10.4 Maces & Flails
 + Level 10.5 Dodging


You had 7 spell levels left.
You didn't know any spells.
Your spell library was empty.

Dungeon Overview and Level Annotations

Branches:
Dungeon (1/1)

Altars:
Cheibriados
Dithmenos
Elyvilon
Fedhas
Gozag
Hepliaklqana
Kikubaaqudgha
Makhleb
Nemelex Xobeh
Okawaru
Qazlal
Ru
Sif Muna
Trog
Uskayaw
Vehumet
Wu Jian
Xom
Yredelemnul
Zin
The Shining One
Jiyva
Lugonu

Shops:
D [


Innate Abilities, Weirdness & Mutations

You are too large for most types of armour.
You have tough skin. (AC +1)


Message History

The demonic crawler is heavily wounded.
You feel the effects of Trog's Hand fading.
The demonic crawler hits you!
* * * LOW HITPOINT WARNING * * *
The demonic crawler misses you. The demonic crawler hits you.
* * * LOW HITPOINT WARNING * * *
The demonic crawler hits you.
* * * LOW HITPOINT WARNING * * *
The demonic crawler hits you.
* * * LOW HITPOINT WARNING * * *
The demonic crawler hits you.
* * * LOW HITPOINT WARNING * * *
You sock the demonic crawler!
The demonic crawler is severely wounded.
The demonic crawler hits you!
* * * LOW HITPOINT WARNING * * *
The demonic crawler hits you!
* * * LOW HITPOINT WARNING * * *
The demonic crawler hits you.
You die...

##################
.#.)'..#__#..')..#
.'..#..'..'..#).s##+#
'#####'#__####..@ss.#
.#...#.#### #####..+
##..##.# ## _##'#_.+
..รท..._# _##_.#'#
_###+#.# ## ###


You could see 3 demonic crawlers.

Vanquished Creatures
  A demonic crawler (D)
  2 kobold demonologists (D)
  A slime creature (D)
  Sigmund (D)
  A yak (D)
  A floating eye (D)
  An ogre (D)
  A jelly (D)
  Ijyb (D)
10 creatures vanquished.

Vanquished Creatures (others)
  A gargoyle (D)
1 creature vanquished.

Grand Total: 11 creatures vanquished

Notes
Turn   | Place    | Note
-------+----------+-------------------------------------------
     0 | D        | reriks the Ogre Berserker began the quest for the Orb.
     0 | D        | Reached XP level 1. HP: 24/24 MP: 1/1
     1 | D        | Noticed Ijyb
    10 | D        | Killed Ijyb
    11 | D        | Reached skill level 5 in Fighting
    11 | D        | Reached XP level 2. HP: 36/36 MP: 2/2
    11 | D        | Reached XP level 3. HP: 44/44 MP: 3/3
   185 | D        | Noticed an ogre
   193 | D        | Killed an ogre
   194 | D        | Reached skill level 8 in Fighting
   194 | D        | Reached skill level 5 in Maces & Flails
   194 | D        | Reached skill level 5 in Dodging
   194 | D        | Reached XP level 4. HP: 29/57 MP: 4/4
   589 | D        | Noticed Sigmund
   596 | D        | Killed Sigmund
   596 | D        | Reached ** piety under Trog
   597 | D        | Reached skill level 10 in Fighting
   597 | D        | Reached XP level 5. HP: 68/68 MP: 5/5
   597 | D        | Reached XP level 6. HP: 78/78 MP: 6/6
   775 | D        | Found a burning altar of Makhleb.
   775 | D        | Found a viscous altar of Jiyva.
   775 | D        | Found a shimmering altar of Xom.
   775 | D        | Found a corrupted altar of Lugonu.
   775 | D        | Noticed a slime creature
   780 | D        | Killed a slime creature
   781 | D        | Reached skill level 11 in Fighting
   781 | D        | Reached XP level 7. HP: 88/88 MP: 7/7
   838 | D        | Found an ornate altar of the Wu Jian Council.
   838 | D        | Found a shimmering blue altar of Sif Muna.
   840 | D        | Found a radiant altar of Vehumet.
   874 | D        | Found Vappodgh's Armour Emporium.
   874 | D        | Found an ancient bone altar of Kikubaaqudgha.
   874 | D        | Found a hazy altar of Hepliaklqana.
   874 | D        | Found a stormy altar of Qazlal.
   874 | D        | Found a hide-covered altar of Uskayaw.
   874 | D        | Found a blossoming altar of Fedhas.
   874 | D        | Found a bloodstained altar of Trog.
   874 | D        | Found an iron altar of Okawaru.
   874 | D        | Found a basalt altar of Yredelemnul.
   874 | D        | Found a glowing golden altar of the Shining One.
   874 | D        | Found a snail-covered altar of Cheibriados.
   874 | D        | Found a sacrificial altar of Ru.
   874 | D        | Found a glowing silver altar of Zin.
   874 | D        | Found a shadowy altar of Dithmenos.
   874 | D        | Found a white marble altar of Elyvilon.
   874 | D        | Noticed a yak
   879 | D        | Killed a yak
   879 | D        | Reached *** piety under Trog
   880 | D        | Reached skill level 12 in Fighting
   880 | D        | Found an opulent altar of Gozag.
   881 | D        | Found a sparkling altar of Nemelex Xobeh.
  1123 | D        | Noticed a kobold demonologist
  1124 | D        | Noticed a kobold demonologist
  1126 | D        | Killed a gargoyle
  1128 | D        | Noticed an ice devil
  1129 | D        | Killed a kobold demonologist
  1130 | D        | Reached skill level 13 in Fighting
  1130 | D        | Reached XP level 8. HP: 102/102 MP: 8/8
  1134 | D        | Killed a kobold demonologist
  1134 | D        | Reached **** piety under Trog
  1135 | D        | Reached skill level 10 in Maces & Flails
  1135 | D        | Reached skill level 10 in Dodging
  1281 | D        | Noticed a demonic crawler
  1281 | D        | Noticed a demonic crawler
  1281 | D        | Noticed a demonic crawler
  1281 | D        | Noticed a demonic crawler
  1288 | D        | Killed a demonic crawler
  1289 | D        | Reached skill level 14 in Fighting
  1290 | D        | HP: 1/157 [demonic crawler (7)]
  1290 | D        | Slain by a demonic crawler

Illustrated notes

Levels and vault maps discovered:
D:        dungeon_sprint_1 [red_sonja_temple_1, red_sonja_temple_small_1]

Skill      XL: |  1  2  3  4  5  6  7  8 |
---------------+-------------------------+-----
Fighting       | 5 8 10 11 13 14 | 14.2
Maces & Flails | 4 5 7 8 9 10 | 10.4
Dodging        | 4 5 7 8 9 10 | 10.5

Action                   |  1- 3 |  4- 6 |  7- 9 || total
-------------------------+-------+-------+-------++-------
Melee: Mace              |    14 |       |       ||    14
       Giant spiked club |       |     9 |    22 ||    31
Invok: Berserk           |     2 |     2 |     3 ||     7
       Trog's Hand       |       |       |     2 ||     2
Armor: Animal skin       |       |       |     4 ||     4
Dodge: Dodged            |     2 |     3 |    22 ||    27

Table legend: (Time is in decaauts)
 A = Elapsed time spent in this place.
 B = Non-inter-level travel time spent in this place.
 C = Inter-level travel time spent in this place.
 D = Time resting spent in this place.
 E = Time spent auto-exploring this place.
 F = Levels seen in this place.
 G = Mean time per level.
                   A        B        C        D        E       F      G
               +--------+--------+--------+--------+--------+-----+--------+
         Total |   1357 |   1357 |      0 |   1183 |      0 |   1 | 1357.0 |
       Dungeon |   1357 |   1357 |      0 |   1183 |      0 |   1 | 1357.0 |
               +--------+--------+--------+--------+--------+-----+--------+

Top non-repeatable levels by time:
       D: 1357 daAuts
